 Dungeon Crawl Stone Soup version 0.10.4 character file.

188 MisterOstroum the Ruffian (level 4, 0/37 HPs)
             Began as a Centaur Monk on Oct 1, 2019.
             Was a Believer of Okawaru.
             Hit by an orcish spear thrown by an orc (3 damage)
             ... on Level 3 of the Dungeon.
             The game lasted 00:12:33 (2095 turns).

MisterOstroum the Ruffian (Centaur Monk)            Turns: 2095, Time: 00:12:33

HP   0/37        AC  8     Str 14      XL: 4   Next:  0%
MP   0/2         EV  7     Int  9      God: Okawaru [**....]
Gold 121         SH  0     Dex 12      Spells:  0 memorised,  3 levels left

Res.Fire  : . . .   See Invis. : .     - Unarmed
Res.Cold  : . . .   Warding    : . . l - +0 scale mail
Life Prot.: . . .   Conserve   : .   (no shield)
Res.Acid. : . . .   Res.Corr.  : .   m - +0 spiked helmet
Res.Poison: .       Clarity    : .   (no cloak)
Res.Elec. : .       Spirit.Shd : .   (no gloves)
Sust.Abil.: . .     Stasis     : .   (no barding)
Res.Mut.  : .       Ctrl.Telep.: .   (no amulet)
Res.Rott. : .       Levitation : .   (no ring)
Saprovore : . . .   Ctrl.Flight: .   (no ring)

@: heroism, very quick, slightly resistant to hostile enchantments, very
unstealthy
A: hooves 3, deformed body, herbivore 1, speed 2, fast metabolism 1, tough skin
3
a: Heroism, Renounce Religion


You were on level 3 of the Dungeon.
You worshipped Okawaru.
Okawaru was most pleased with you.
You were not hungry.

You visited 1 branch of the dungeon, and saw 3 of its levels.

You collected 121 gold pieces.

Inventory:

Missiles
 q - 18 +0 stones (quivered)
Armour
 a - a +0 robe
 l - a +0 scale mail (worn)
 m - a +0 spiked helmet (worn)
Comestibles
 b - 2 bread rations
 o - a chunk of jackal flesh
Scrolls
 c - 2 scrolls of fog
 d - a scroll of fear {unknown}
 e - 2 scrolls of identify {unknown}
 f - a scroll of enchant weapon II {unknown}
 g - a scroll of enchant armour {unknown}
 k - 2 scrolls of detect curse {unknown}
 r - a scroll of blinking {unknown}
 t - a scroll of teleportation {unknown}
Jewellery
 p - an uncursed amulet of clarity {unknown}
 s - an uncursed ring of hunger {unknown}
 u - an uncursed ring of ice {unknown}
Potions
 h - 2 potions of curing {unknown}
 j - a potion of invisibility {unknown}
 n - a potion of brilliance {unknown}


   Skills:
 + Level 3.8(8.8) Fighting
 + Level 2.7(7.7) Throwing
 - Level 2.1(7.1) Dodging
 - Level 1.2(6.2) Stealth
 + Level 0.4(5.4) Traps & Doors
 - Level 4.0(9.0) Unarmed Combat
 + Level 1.2 Invocations


You had 3 spell levels left.
You didn't know any spells.

Dungeon Overview and Level Annotations

Branches:
Dungeon (3/27)

Altars:
Okawaru

Annotations
D:3 Purgy


Innate Abilities, Weirdness & Mutations

You have hooves in place of feet.
Armour fits poorly on your strangely shaped body.
You digest meat inefficiently.
You cover ground very quickly.
You have a fast metabolism.
You have extremely tough skin (AC +3).


Message History

Aim: a hobgoblin You throw a +0 stone.
The +0 stone hits the hobgoblin.
The orc throws an orcish spear.
The orcish spear hits you!
An orc wizard comes into view. It is wielding an orcish dagger.
Your scale mail prevents you from hitting the hobgoblin.
You kick the hobgoblin.
The hobgoblin is heavily wounded.
The hobgoblin hits you but does no damage.
You closely miss the hobgoblin.
The hobgoblin is heavily wounded.
The hobgoblin hits you.
You hit the hobgoblin.
You kill the hobgoblin!
Okawaru accepts your kill.
The orc throws an orcish spear.
The orcish spear hits you!
Throwing (i - inventory. (,) - cycle):
w - 2 darts (quivered)
Press: ? - help, Shift-Dir - straight line, f - orc
Aim: an orc, wielding an orcish hammer You throw a dart.
The dart hits the orc.
The orc is moderately wounded.
The orc throws an orcish spear.
The orcish spear misses you.
Throwing (i - inventory. (,) - cycle):
w - a dart (quivered)
Press: ? - help, Shift-Dir - straight line, f/p - orc
Aim: an orc, wielding an orcish hammer (moderately wounded)
You throw a dart. The dart misses the orc.
There are several objects here.
Pick up an orcish spear? ((y)es/(n)o/(a)ll/(m)enu/*?g,/q) Pick up an orcish spear? ((y)es/(n)o/(a)ll/(m)enu/*?g,/q)
Okay, then.
You hit the orc. Your kick misses the orc.
The orc is severely wounded.
You hit the orc.
You kill the orc!
Okawaru accepts your kill.
You hit the orc.
The orc is moderately wounded.
The orc barely misses you.
You hit the orc. Your kick misses the orc.
The orc is heavily wounded.
The orc hits you but does no damage.
An orc comes into view.
It is wielding a glowing orcish war axe.
Your scale mail prevents you from hitting the orc.
The orc is heavily wounded.
The orc hits you with an orcish hammer.
You hit the orc. Your kick misses the orc.
The orc is severely wounded.
The orc hits you with an orcish hammer.
You barely miss the orc. Your kick misses the orc.
The orc is severely wounded.
The orc barely misses you.
You closely miss the orc.
The orc is severely wounded.
The orc wizard casts a spell.
The orc wizard seems to speed up.
The orc hits you with an orcish hammer.
An orc comes into view. It is wielding an orcish mace.
There is a stone staircase leading up here.
No other missiles available.
Use F to throw any item.
You start resting.
Throwing (i - inventory):
q - 20 +0 stones (quivered)
Press: ? - help, Shift-Dir - straight line, f - orc wizard
Aim: an orc wizard, wielding an orcish spear and wearing an orcish robe (moving very quickly)
You throw a +0 stone. The +0 stone hits the orc wizard.
Use which ability? (? or * to list)
You gain the combat prowess of a mighty hero.
You feel slightly more hungry.
Throwing (i - inventory):
q - 19 +0 stones (quivered)
Press: ? - help, Shift-Dir - straight line, f/p - orc wizard
Aim: an orc wizard, wielding an orcish spear and wearing an orcish robe (moving very quickly)
You throw a +0 stone. The +0 stone hits the orc wizard.
The orc wizard closely misses you.
The orc wizard hits you from afar with an orcish spear.
The orc wizard hits you with an orcish spear.
You hit the orc wizard.
The orc wizard is moderately wounded.
The orc wizard hits you with an orcish spear.
Your scale mail prevents you from hitting the orc wizard.
Your kick misses the orc wizard.
The orc wizard is moderately wounded.
The orc wizard gestures at you while chanting.
The puff of frost hits you!
Your emulsified yellow potion freezes and shatters!
You barely miss the orc wizard.
The orc wizard is moderately wounded.
The orc wizard gestures at you while chanting.
The magic dart hits you!
* * * LOW HITPOINT WARNING * * *
The orc wizard hits you but does no damage.
You barely miss the orc wizard. You kick the orc wizard.
The orc wizard is moderately wounded.
The orc wizard closely misses you.
You hit the orc wizard.
The orc wizard is heavily wounded.
The orc wizard hits you with an orcish spear.
* * * LOW HITPOINT WARNING * * *
You punch the orc wizard!
You kill the orc wizard!
Okawaru accepts your kill.
You have reached level 4!
You feel agile.
The orc throws an orcish spear.
The orcish spear hits you!
You die... o

# . .
#########..#.o.
#<@)oo.#.#... .
######.#.(. .o.
#)#.#o..#
#)%oo.#
######!#


You could see 2 orcs.

Vanquished Creatures
  An orc wizard (D:3)
  An adder (D:2)
  A worm (D:2)
  An orc (D:3)
  A bat (D:1)
  A giant cockroach (D:2)
  6 hobgoblins
  A jackal (D:3)
  6 kobolds
  A quokka (D:2)
  A ball python (D:1)
  2 giant newts
  7 rats
30 creatures vanquished.

Vanquished Creatures (others)
  A goblin (D:2)
1 creature vanquished.

Grand Total: 31 creatures vanquished

Notes
Turn   | Place    | Note
--------------------------------------------------------------
     0 | D:1      | MisterOstroum, the Centaur Monk, began the quest for the Orb.
     0 | D:1      | Reached XP level 1. HP: 17/17 MP: 0/0
   470 | D:1      | Reached XP level 2. HP: 21/24 MP: 1/1
   960 | D:2      | Found an iron altar of Okawaru.
   966 | D:2      | Became a worshipper of Warmaster Okawaru
   966 | D:2      | Acquired Okawaru's first power
  1255 | D:2      | Reached XP level 3. HP: 23/30 MP: 2/2
  1941 | D:3      | Noticed Purgy
  2095 | D:3      | Reached XP level 4. HP: 3/37 MP: 0/2
  2095 | D:3      | Hit by an orcish spear thrown by an orc
